Map: [ESL] NeoHumanity

Players

Creator - Winner!

  • Race: Protoss Protoss

Dark

  • Race: Zerg Zerg

Event: IEM Katowice 2023

VOD

Have the link to the VOD?

Description

Time

  • Played on: Feb. 11, 2023, 1:47 p.m.
  • Length: 8:20

All games in this series

Show
View Real Time Build Order
Export as new Build Order

Creator Protoss - Winner!

Build Orders: 1 Gate Expand 

Get SALT Encoding   

  12  0:00  Probe  
  13  0:13  Pylon  
  13  0:17  Probe (Chrono Boost)  
  14  0:26  Probe (Chrono Boost)  
  15  0:31  Probe (Chrono Boost)  
  16  0:38  Gateway  
  16  0:43  Probe  
  16  0:47  Assimilator  
  17  0:55  Probe  
  18  1:07  Probe  
  19  1:20  Probe  
  20  1:27  Nexus  
  20  1:34  Cybernetics Core  
  20  1:39  Zealot  
  22  1:48  Pylon  
  22  1:50  Probe  
  23  1:57  Assimilator  
  23  2:06  Probe  
  23  2:07  Stalker (Chrono Boost)  
  24  2:11  Warp Gate (Chrono Boost)  
  26  2:18  Probe  
  27  2:28  Adept (Chrono Boost)  
  27  2:30  Shield Battery  
  29  2:37  Gateway  
  29  2:50  Stalker (Chrono Boost)  
  29  2:51  Shield Battery  
  31  3:01  Probe x2  
  33  3:07  Gateway  
  33  3:15  Probe  
  33  3:17  Stalker (Chrono Boost)  
  36  3:23  Probe  
  36  3:26  Stalker (Chrono Boost)  
  39  3:33  Pylon, Shield Battery  
  39  3:37  Pylon  
  39  3:40  Pylon  
  39  3:46  Pylon  
  39  3:50  Shield Battery  
  39  3:51  Probe x2  
  41  3:57  Adept  
  41  4:01  Adept  
  45  4:09  Probe x2 (Chrono Boost)  
  40  4:21  Probe (Chrono Boost)  
  40  4:22  Probe (Chrono Boost), Adept  
  44  4:27  Adept  
  44  4:30  Probe x2 (Chrono Boost)  
  48  4:36  Probe  
  48  4:37  Shield Battery  
  48  4:38  Pylon  
  49  4:46  Stalker  
  49  4:49  Adept  
  53  4:55  Stalker  
  53  4:56  Probe  
  53  4:57  Probe  
  57  5:04  Shield Battery  
  57  5:11  Zealot  
  57  5:12  Adept  
  61  5:15  Shield Battery  
  61  5:20  Stalker  
  63  5:27  Pylon  
  59  5:34  Stalker  
  61  5:41  Cybernetics Core  
  57  5:46  Zealot  
  59  5:52  Pylon  
  59  5:57  Gateway  
  59  6:02  Zealot  
  59  6:16  Pylon  
  59  6:18  Gateway  
  59  6:19  Stalker  
  57  6:27  Gateway  
  57  6:30  Shield Battery, Robotics Facility  
  57  6:31  Shield Battery  
  57  6:40  Sentry  
  59  6:49  Probe x2  
  59  6:52  Adept  
  61  7:00  Zealot  
  53  7:17  Zealot, Sentry  
  53  7:21  Immortal (Chrono Boost)  
  59  7:30  Sentry  
  61  7:39  Zealot  
  61  7:42  Sentry  
  64  7:45  Probe  
  64  7:47  Probe  
  66  7:57  Adept  
  66  7:58  Adept  
  70  7:59  Probe  
  70  8:01  Probe  
  72  8:12  Stalker  
  74  8:18  Zealot, Adept  
Show
View Real Time Build Order
Export as new Build Order

Dark Zerg 

Build Orders: Hatch First, Ravager All-In 

Get SALT Encoding   

  12  0:00  Drone  
  13  0:12  Overlord  
  13  0:17  Drone  
  14  0:30  Drone x2  
  16  0:50  Hatchery  
  16  0:54  Drone  
  16  0:58  Drone  
  16  1:01  Drone  
  18  1:12  Extractor  
  18  1:18  Spawning Pool  
  16  1:20  Drone  
  16  1:24  Drone  
  18  1:28  Drone  
  19  1:38  Drone  
  20  1:57  Drone  
  21  2:05  Zergling x4  
  21  2:06  Queen  
  25  2:14  Metabolic Boost, Roach Warren  
  24  2:16  Extractor  
  24  2:20  Zergling x2  
  24  2:32  Overlord  
  24  2:33  Drone x2  
  26  2:45  Overlord  
  26  2:57  Roach x3  
  26  2:58  Zergling x2  
  32  3:05  Zergling x2  
  33  3:08  Zergling x2  
  34  3:19  Zergling x4  
  36  3:23  Ravager x3  
  36  3:26  Zergling x2  
  40  3:30  Roach  
  42  3:37  Zergling x2  
  43  3:47  Overlord  
  41  4:05  Zergling x10  
  41  4:06  Ravager  
  45  4:10  Queen  
  45  4:15  Roach  
  46  4:18  Zergling x2  
  47  4:24  Roach  
  47  4:25  Roach  
  51  4:33  Zergling x2  
  51  4:36  Overlord  
  52  4:44  Overlord  
  52  4:54  Ravager  
  52  4:55  Roach x3  
  52  4:56  Ravager  
  60  5:03  Zergling x4  
  60  5:07  Zergling x2  
  54  5:28  Ravager x2  
  53  5:39  Zergling x12  
  57  5:52  Zergling x6  
  50  6:11  Ravager  
  50  6:13  Zergling x2  
  50  6:16  Zergling x2  
  50  6:17  Zergling x6  
  51  6:26  Zergling x4  
  51  6:31  Ravager  
  54  6:34  Zergling x2  
  54  6:37  Zergling x2  
  52  6:50  Zergling x6  
  55  7:00  Zergling x4  
  48  7:10  Zergling x2  
  48  7:15  Roach  
  48  7:24  Roach  
  48  7:25  Zergling x4  
  51  7:30  Zergling x4  
  52  7:42  Ravager  
  49  7:58  Zergling x8  
  49  8:01  Zergling x4  

Tags
 
Add a new tag
Caveats
  • Supply blocks, unpowered buildings, or Contaminate may cause inaccurate times.
  • Supply counts are checked every 10 seconds.